 Dungeon Crawl Stone Soup version 0.28-a0-8-g6e044cfa68 (webtiles) character file.

Game seed: 16703181014036858551

24 Spaninq the Magician (level 2, -2/22 HPs)
             Began as a Mummy Wanderer on July 23, 2021.
             Slain by a jackal (3 damage)
             ... on level 1 of the Dungeon.
             The game lasted 00:02:28 (816 turns).

Spaninq the Magician (Mummy Wanderer)                Turns: 816, Time: 00:02:29

Health: -2/22      AC:  5    Str: 15    XL:     2   Next: 79%
Magic:  9/9        EV:  9    Int: 13    God:
Gold:   31         SH:  3    Dex:  9    Spells: 13/14 levels left

rFire   x . .      SeeInvis .   a - +0 club
rCold   + . .      Faith    .   b - +0 buckler
rNeg    + + +      Spirit   .   c - +0 ring mail
rPois   ∞          Reflect  .   (no helmet)
rElec   .          Harm     .   (no cloak)
rCorr   .          Rampage  .   (no gloves)
Will    .....                   (no boots)
Stlth   +.........              (no amulet)
HPRegen 0.07/turn               (no ring)
MPRegen 0.11/turn               (no ring)

@: no status effects
A: cold resistance 1, negative energy resistance 3, torment resistance 2, heat
vulnerability 1, no potions
a: no special abilities


You were on level 1 of the Dungeon.
You visited 1 branch of the dungeon, and saw 1 of its levels.

You collected 31 gold pieces.

Inventory:

Hand Weapons
 a - a +0 club (weapon)
Armour
 b - a +0 buckler (worn)
 c - a +0 ring mail (worn)
 d - a +1 pair of gloves of stealth


   Skills:
 + Level 2.3 Fighting
 * Level 1.6 Axes
 - Level 1.0 Stealth
 * Level 1.6 Shields
 - Level 6.6 Spellcasting


You had 13 spell levels left.
You knew the following spells:

 Your Spells              Type           Power      Damage    Failure   Level
a - Magic Dart            Conj           16%        1d3       41%         1

Your spell library contained the following spells:

 Spells                   Type           Power      Damage    Failure   Level
 Blink                    Tloc           N/A        N/A       54%         2
 Call Imp                 Summ           4%         N/A       54%         2
 Slow                     Hex            4%         N/A       54%         2
 Conjure Flame            Conj/Fire      4%         6-21      78%         3
 Mephitic Cloud           Conj/Pois/Air  4%         N/A       78%         3


Dungeon Overview and Level Annotations

Branches:
Dungeon (1/15)

Altars:


Innate Abilities, Weirdness & Mutations

You are immune to poison.
Your flesh is cold resistant. (rC+)
You are immune to negative energy. (rN+++)
You are immune to unholy pain and torment.
You are vulnerable to heat. (rF-)
You do not drink.


Message History

The jackal is severely wounded.
The jackal bites you but does no damage. x2
You hit the jackal but do no damage.
The jackal is severely wounded.
The jackal closely misses you. The jackal barely misses you.
You hit the jackal.
You kill the jackal!
The jackal closely misses you.
You hit the jackal but do no damage.
The jackal bites you but does no damage.
The jackal barely misses you.
You barely miss the jackal. The jackal barely misses you.
The jackal bites you but does no damage.
You hit the jackal but do no damage. The jackal bites you.
* * * LOW HITPOINT WARNING * * *
The jackal bites you.
* * * LOW HITPOINT WARNING * * *
The jackal bites you but does no damage.
The jackal barely misses you. The jackal barely misses you.
Sorry, you're not good enough to have a special ability.
As you read the scroll labelled ZIDESK REIHAMI, it crumbles to dust.
The scroll dissolves into smoke.
It was a scroll of fog.
The jackal bites you but does no damage.
This is a scroll of acquirement!
Something appears at your feet!
The jackal bites you but does no damage.
The jackal bites you.
* * * LOW HITPOINT WARNING * * *
d - a +1 pair of gloves of stealth The jackal bites you.
* * * LOW HITPOINT WARNING * * *
The jackal bites you but does no damage.
You closely miss the jackal.
The jackal bites you but does no damage. x2
You barely miss the jackal.
The jackal bites you but does no damage.
The jackal closely misses you.
You closely miss the jackal. The jackal bites you.
You die...

#.h.#....#.#...##
..#.#..h.#.#....#
.........#......# ##
###....#.###.##§##.###
.##.[....h##h##h§§...#
............>###§#.###
#........##### #h#.#
#.....##.# #h###
#.....##.### #@#
####.###...# #§####
### #.#######....#
#.......#.####
#.#######.#
#.####....#
#.......###
##.#.......#
#######..#.##..###


You could see 2 jackals.

Vanquished Creatures
  A dart slug (D:1)
  4 ball pythons (D:1)
  An endoplasm (D:1)
  A giant cockroach (D:1)
  2 hobgoblins (D:1)
  A jackal (D:1)
  2 kobolds (D:1)
  A quokka (D:1)
  4 bats (D:1)
  3 goblins (D:1)
  A rat (D:1)
21 creatures vanquished.

Notes
Turn   | Place    | Note
-------+----------+-------------------------------------------
     0 | D:1      | Spaninq the Mummy Wanderer began the quest for the Orb.
     0 | D:1      | Spaninq set off with the following items: a +0 club, a +0
                  | buckler, a +0 ring mail; and the following spell memorised:
                  | Magic Dart; and the following spells available to memorise:
                  | Blink, Call Imp, Slow, Conjure Flame, Mephitic Cloud
     0 | D:1      | Reached XP level 1. HP: 16/16 MP: 8/8
   217 | D:1      | Reached XP level 2. HP: 21/22 MP: 9/9
   810 | D:1      | Identified a scroll of acquirement
   810 | D:1      | Acquired a +1 pair of gloves of stealth
   811 | D:1      | HP: 1/22 [jackal (2)]
   816 | D:1      | Slain by a jackal

Illustrated notes

Levels and vault maps discovered:
D:1:      psy_arrival_heroes, layout_basic

Action                   || total
-------------------------++-------
Melee: Club              ||   138
  Use: Scroll            ||     2
Armor: Ring mail         ||   105
Dodge: Dodged            ||    93
Block: Buckler           ||    31

Table legend: (Time is in decaauts)
 A = Elapsed time spent in this place.
 B = Non-inter-level travel time spent in this place.
 C = Inter-level travel time spent in this place.
 D = Time resting spent in this place.
 E = Time spent auto-exploring this place.
 F = Levels seen in this place.
 G = Mean time per level.
                   A        B        C        D        E       F      G
               +--------+--------+--------+--------+--------+-----+--------+
         Total |    862 |    862 |      0 |      0 |    570 |   1 |  862.0 |
       Dungeon |    862 |    862 |      0 |      0 |    570 |   1 |  862.0 |
               +--------+--------+--------+--------+--------+-----+--------+

Top non-repeatable levels by time:
     D:1: 862 daAuts
